AoeStats
← randomciv

QS Arena

503729133Analyzed
1v1 RM · 1mo ago on Sep 2, 2026· 60m 27s· 2 players
Game mode
Random Map
Map size
Tiny (2 player)
Population
200
Speed
Normal
Resources
Standard
Victory
Conquest
Starting age
Dark Age
Ending age
Imperial Age
RankedLock teamsTeams togetherTeam positionsShared explorationLock speedFull tech treeHidden civsTurbo modeCheats
Victory
Defeat
🇦🇷 Sicilians · Argentina
1947
+11
🇺🇸 Huns · United States
1846
-11
Escalus
8:24 Feudal Age
10:16 Double-Bit Axe
10:18 Horse Collar
13:08 Castle Age
14:12 Bow Saw
14:21 Husbandry
17:30 Fletching
19:00 Wheelbarrow
18:24 Gold Mining
24:23 Imperial Age
22:05 Loom
22:16 Bodkin Arrow
24:50 Ballistics
24:46 Town Watch
25:12 Bracer
27:55 Chemistry
29:51 Masonry
34:21 Parthian Tactics
34:52 Scale Barding Armor
40:15 Stone Mining
41:42 Heavy Plow
42:49 Forging
47:16 Scale Mail Armor
46:41 Man-at-Arms
48:31 Long Swordsman
50:01 Chain Mail Armor
51:19 Iron Casting
51:18 Two-Handed Swordsman
53:46 Squires
55:06 Hand Cart
57:24 Blast Furnace
57:10 Light Cavalry
58:00 Bloodlines
60:31 Chain Barding Armor
randomciv
8:25 Feudal Age
12:21 Castle Age
10:31 Horse Collar
12:06 Double-Bit Axe
13:22 Bow Saw
20:19 Gold Mining
21:07 Wheelbarrow
25:55 Imperial Age
23:53 Scale Mail Armor
23:29 Pikeman
24:42 Squires
25:21 Masonry
26:13 Forging
26:19 Chain Mail Armor
26:45 First Crusade
27:14 Hand Cart
27:10 Loom
27:52 Conscription
27:02 Capped Ram
28:27 Halberdier
30:44 Plate Mail Armor
30:49 Iron Casting
31:19 Onager
34:19 Blast Furnace
35:43 Fletching
35:54 Heavy Plow
36:01 Siege Ram
40:55 Coinage
43:17 Guilds
43:19 Bodkin Arrow
43:24 Padded Archer Armor
47:10 Bracer
47:26 Leather Archer Armor
48:01 Elite Skirmisher
50:13 Siege Onager
51:51 Ballistics
52:32 Chemistry
53:37 Siege Engineers
53:37 Crossbowman
54:16 Arbalester
58:43 Bloodlines
58:34 Husbandry
58:45 Scale Barding Armor
Connection lost

Rejoining the realm…

Still unreachable

The connection could not be restored.

Session expired

The server has moved on; the page needs a fresh start.